 Dungeon Crawl Stone Soup version 0.26.1-2-gb8aa6d0cf2 (webtiles) character file.

Game seed: 972853549213613243

30 Gadfly the Skirmisher (level 3, 0/39 HPs)
             Began as an Ogre Monk on Feb 14, 2021.
             Slain by a kobold
             ... wielding a +0 whip
              (5 damage)
             ... on level 2 of the Dungeon.
             The game lasted 00:02:50 (1279 turns).

Gadfly the Skirmisher (Ogre Monk)                   Turns: 1279, Time: 00:02:50

Health: 0/39       AC:  3    Str: 16    XL:     3   Next: 18%
Magic:  3/3        EV: 10    Int: 11    God:
Gold:   42         SH:  0    Dex: 11    Spells: 2/2 levels left

rFire    . . .     SeeInvis .   a - +0 mace
rCold    . . .     Faith    .   (no shield)
rNeg     . . .     Spirit   .   b - +0 robe
rPois    .         Reflect  .   (helmet restricted)
rElec    .         Harm     .   (no cloak)
rCorr    .         Rampage  .   (gloves unavailable)
Will     .....                  (boots unavailable)
Stlth    ++........             d - amulet of the acrobat
HPRegen  0.13/turn              (no ring)
MPRegen  0.08/turn              (no ring)

@: no status effects
A: large, unfitting armour, tough skin 1
a: no special abilities


You were on level 2 of the Dungeon.
You visited 1 branch of the dungeon, and saw 2 of its levels.

You collected 42 gold pieces.

Inventory:

Hand Weapons
 a - a +0 mace (weapon)
Missiles
 i - 54 stones (quivered)
Armour
 b - a +0 robe (worn)
Jewellery
 d - an amulet of the acrobat (around neck)
Scrolls
 c - a scroll of teleportation {unknown}
Potions
 h - a potion of curing


   Skills:
 - Level 4.0 Fighting
 + Level 2.8 Maces & Flails
 * Level 1.0 Throwing
 * Level 0.8 Armour
 - Level 2.6 Dodging
 - Level 1.4 Stealth
 * Level 1.2 Invocations
 * Level 0.9 Evocations


You had 2 spell levels left.
You didn't know any spells.
Your spell library was empty.

Dungeon Overview and Level Annotations

Branches:
Dungeon (2/15)

Altars:


Innate Abilities, Weirdness & Mutations

You are too large for most types of armour.
You have tough skin. (AC +1)


Message History

The kobold throws a stone.
The stone hits you but does no damage.
The kobold throws a stone.
The stone hits you but does no damage.
You hit the kobold.
The kobold is heavily wounded.
The kobold hits you but does no damage.
You closely miss the kobold.
The kobold is heavily wounded.
The kobold hits you.
* * * LOW HITPOINT WARNING * * *
You sock the kobold!
You kill the kobold!
You barely miss the kobold. The kobold closely misses you. x2
You closely miss the kobold. The kobold hits you.
* * * LOW HITPOINT WARNING * * *
You sock the kobold!
You kill the kobold!
You barely miss the kobold. The kobold closely misses you.
The kobold hits you but does no damage.
You closely miss the kobold. The kobold hits you with a +0 whip.
You die...

(................##.......#
..............##.##.......#
######.......##.##....!..#
######.####.###.# #(...[#
.##....#.####.###.## #.K.#
...................###K('###..
##......####.####.............
#...........####.#...........
#...........#(@K.########....
##...........#.#### #+#
#..)..#†####.#.########
#.....#...............#
#.....######.#.######.#
#.....# #.#.# #.## ## #######
#.#.# #.<# ...
#.#.######..#####....
...........(...†..#


You could see a kobold.

Vanquished Creatures
  An adder (D:2)
  3 goblins
  2 hobgoblins (D:1)
  2 jackals (D:1)
  8 kobolds
  A ball python (D:1)
  2 frilled lizards (D:1)
  4 rats (D:1)
23 creatures vanquished.

Vanquished Creatures (others)
  8 toadstools (D:2)
8 creatures vanquished.

Grand Total: 31 creatures vanquished

Notes
Turn   | Place    | Note
-------+----------+-------------------------------------------
     0 | D:1      | Gadfly the Ogre Monk began the quest for the Orb.
     0 | D:1      | Reached XP level 1. HP: 24/24 MP: 1/1
   240 | D:1      | Reached XP level 2. HP: 23/32 MP: 2/2
  1064 | D:2      | Reached skill level 1 in Invocations
  1064 | D:2      | Reached XP level 3. HP: 25/39 MP: 3/3
  1213 | D:2      | Reached skill level 1 in Throwing
  1279 | D:2      | Slain by a kobold

Illustrated notes

Levels and vault maps discovered:
D:1:      lightli_arrival_statuegarden, layout_basic, minmay_tetromino_i2
D:2:      cheibrodos_fertilizer, layout_basic, minmay_misc_feat_enclosed,
          chequers_avenue

Skill      XL: |  1  2  3 |
---------------+----------+-----
Invocations    | 1 |  1.2
Throwing       | 1 |  1.0
Fighting       | |  4.0
Maces & Flails | |  2.8
Armour         | |  0.8
Dodging        | |  2.6
Stealth        | |  1.4
Evocations     | |  0.9

Action                   || total
-------------------------++-------
Melee: Mace              ||    74
  Use: Scroll            ||     3
       Potion            ||     1
 Stab: Sleeping          ||     3
Armor: Robe              ||    27
Dodge: Dodged            ||    55
